 Dungeon Crawl Stone Soup version 0.30-a0-218-gedb9141078 (webtiles) character file.

Game seed: 6991011446861162537

119 billz999 the Sneak (level 5, -2/31 HPs)
             Began as an Octopode Earth Elementalist on Oct 6, 2022.
             Slain by an orc
             ... wielding a +0 flail
              (9 damage)
             ... on level 3 of the Dungeon.
             The game lasted 00:06:14 (2221 turns).

billz999 the Sneak (Octopode Earth Elementalist)    Turns: 2221, Time: 00:06:15

Health: -2/31      AC:  1    Str:  8    XL:     5   Next: 3%
Magic:  1/8        EV: 13    Int: 25    God:
Gold:   59         SH:  0    Dex: 12    Spells: 7/8 levels left

rFire   . . .      SeeInvis .    c - +0 dagger
rCold   . . .      Faith    .    (no shield)
rNeg    . . .      Spirit   .    (helmet restricted)
rPois   .          Reflect  .    (no amulet)
rElec   .          Harm     .    g - +6 ring of intelligence
rCorr   .          Rampage  .    (no ring)
Will    .....                    (no ring)
Stlth   ++++......               (no ring)
HPRegen 0.25/turn                (no ring)
MPRegen 0.11/turn                (no ring)
                                 (no ring)
                                 (no ring)

@: mighty
A: almost no armour, amphibious, 8 rings, camouflage 1, gelatinous body 1,
(nimble swimmer 1), tentacles
a: no special abilities


You were on level 3 of the Dungeon.
You visited 1 branch of the dungeon, and saw 3 of its levels.

You collected 174 gold pieces.
You spent 115 gold pieces at shops.

Inventory:

Hand Weapons
 c - a +0 dagger (weapon)
Jewellery
 g - a +6 ring of intelligence (left tentacle)
 h - an amulet of regeneration
Scrolls
 b - a scroll of immolation {unknown}
 e - 2 scrolls of enchant armour
 i - a scroll of identify
 j - 2 scrolls of amnesia {unknown}
 l - a scroll of fear {unknown}
Potions
 a - a potion of magic
 d - a potion of flight
 k - a potion of might


   Skills:
 - Level 2.0 Dodging
 + Level 7.2 Stealth
 - Level 2.0 Spellcasting
 - Level 1.0 Transmutations
 - Level 3.0 Earth Magic


You had 7 spell levels left.
You knew the following spells:

 Your Spells              Type           Power      Damage    Failure   Level
a - Sandblast             Erth           34%        2d9       3%          1

Your spell library contained the following spells:

 Spells                   Type           Power      Damage    Failure   Level
 Passwall                 Tmut/Erth      10%        N/A       8%          2
 Summon Small Mammal      Summ           8%         N/A       11%         1
 Stone Arrow              Conj/Erth      20%        3d8       19%         3
 Call Canine Familiar     Summ           2%         N/A       32%         3
 Summon Guardian Golem    Hex/Summ       2%         N/A       32%         3
 Petrify                  Tmut/Erth      12%        N/A       43%         4
 Yara's Violent Unravell  Hex/Tmut       2%         3d3       94%         5
 Enfeeble                 Hex            1%         N/A       100%        7


Dungeon Overview and Level Annotations

Branches:
Dungeon (3/15)

Altars:

Shops:
D:1 :   D:2 **:


Innate Abilities, Weirdness & Mutations

You cannot wear most types of armour.
You are amphibious.
You can wear up to eight rings at the same time.
Your skin changes colour to match your surroundings (Stealth+).
Your rubbery body absorbs attacks. (AC +1, EV +1)
((You are camouflaged when in or above water. (Stealth+)))
You have tentacles for arms and can constrict up to eight enemies at once.


Message History

Press: ? - help, Shift-Dir - straight line, f/p - orc
Aim: an orc, wielding a +0 flail and wearing the +3 chain mail "Beropn" {rCorr MP+9} (severely wounded, constricted by you, 100% to hit)
The blast of sand hits the orc but does no damage.
The orc is severely wounded.
You constrict the orc, but do no damage.
The orc barely misses you.
Casting: Sandblast (safe; 3% risk of failure)
Confirm with . or Enter, or press ? or * to list all spells.
Aiming: Sandblast (safe; 3% risk of failure)
Press: ? - help, Shift-Dir - straight line, f/p - orc
Aim: an orc, wielding a +0 flail and wearing the +3 chain mail "Beropn" {rCorr MP+9} (severely wounded, constricted by you, 100% to hit)
The blast of sand hits the orc but does no damage.
The orc is severely wounded.
You constrict the orc, but do no damage.
The orc hits you with a +0 flail!
* * * LOW HITPOINT WARNING * * *
The orc hits you with a +0 flail.
* * * LOW HITPOINT WARNING * * *
You release your grip on the orc.
The orc attacks as you move away! The orc hits you with a +0 flail.
* * * LOW HITPOINT WARNING * * *
Casting: Sandblast (safe; 3% risk of failure)
Confirm with . or Enter, or press ? or * to list all spells.
Aiming: Sandblast (safe; 3% risk of failure)
Press: ? - help, Shift-Dir - straight line, f/p - orc
Aim: an orc, wielding a +0 flail and wearing the +3 chain mail "Beropn" {rCorr MP+9} (severely wounded, 87% to hit)
The blast of sand hits the orc but does no damage.
The orc is severely wounded.
The orc misses you.
Okay, then.
You feel better. The orc misses you.
Okay, then.
It was a potion of might.
You feel very mighty all of a sudden. The orc closely misses you.
The orc attacks as you move away! The orc barely misses you.
You hit the orc but do no damage. Your grab misses the orc.
The orc is severely wounded.
The orc hits you with a +0 flail!
You die...

#..#####.....# #####...
##...# #.....# #.......
###.###.....# #.......
#..##.....# #.......
##..####### #.......
##..####### #####...
##.......### ##..#
########...########..##
#....o@.......##......#
#..........##.#..#....#
..............##...##....#
......##########>####....#
...... #.# #..... .....
#.# #####. ..... #.# .
.... #.# . ..[. #.#


You could see an orc.

Vanquished Creatures
  Natasha (twice) (D:3)
  An adder (D:3)
  3 worms (D:2)
  A dart slug (D:2)
  5 orcs (D:3)
  7 ball pythons
  3 bats
  5 endoplasms
  A giant cockroach (D:1)
  3 goblins
  2 hobgoblins
  4 kobolds
  2 quokkas (D:2)
  A frilled lizard (D:1)
  3 rats
43 creatures vanquished.

Notes
Turn   | Place    | Note
-------+----------+-------------------------------------------
     0 | D:1      | billz999 the Octopode Earth Elementalist began the quest
                  | for the Orb.
     0 | D:1      | Reached XP level 1. HP: 11/11 MP: 3/3
   100 | D:1      | Found Wyoneph's Book Boutique.
   141 | D:1      | Reached skill level 3 in Stealth
   231 | D:1      | Reached XP level 2. HP: 12/17 MP: 5/5
   265 | D:1      | Reached skill level 4 in Stealth
   957 | D:2      | Reached XP level 3. HP: 15/21 MP: 4/6
  1033 | D:2      | Reached skill level 5 in Stealth
  1112 | D:2      | Found Yfuethrue's Book Emporium.
  1183 | D:2      | Found Quem's Assorted Antiques.
  1248 | D:2      | Bought a notched gilded ring for 115 gold pieces
  1518 | D:2      | Found Ydgheog's General Store.
  2054 | D:3      | Noticed Natasha
  2074 | D:3      | Killed Natasha
  2075 | D:3      | Reached skill level 6 in Stealth
  2075 | D:3      | Reached XP level 4. HP: 27/27 MP: 7/7
  2148 | D:3      | Noticed Natasha
  2151 | D:3      | Killed Natasha
  2152 | D:3      | Reached skill level 7 in Stealth
  2152 | D:3      | Reached XP level 5. HP: 31/31 MP: 5/8
  2197 | D:3      | Identified the +3 chain mail "Beropn" {rCorr MP+9}
  2216 | D:3      | HP: 1/31 [orc/+0 flail (1)]
  2221 | D:3      | Slain by an orc

Illustrated notes

Levels and vault maps discovered:
D:1:      minmay_arrival_solitary_statue, layout_basic, serial_shops, shop
D:2:      layout_loops_corners, serial_shops, nicolae_lakefront_shop,
          nicolae_square_shop, shop_coins
D:3:      layout_basic, shapermc_ecumenical_altar_mp_urbaneastern,
          minmay_pentomino_pile, uniq_terence, uniq_natasha

Skill      XL: |  1  2  3  4 |
---------------+-------------+-----
Stealth        | 3 4 6 7 |  7.2
Dodging        | |  2.0
Spellcasting   | |  2.0
Transmutations | |  1.0
Earth Magic    | |  3.0

Action                   |  1- 3 |  4- 6 || total
-------------------------+-------+-------++-------
Melee: Dagger            |    21 |    10 ||    31
       Constrict         |     4 |     1 ||     5
       Tentacles         |     5 |     3 ||     8
 Cast: Sandblast         |    36 |    13 ||    49
  Use: Scroll            |     3 |       ||     3
       Potion            |     2 |     2 ||     4
 Stab: Sleeping          |     5 |     2 ||     7
Armor: Skin              |     4 |     1 ||     5
Dodge: Dodged            |    21 |    12 ||    33

Table legend: (Time is in decaauts)
 A = Elapsed time spent in this place.
 B = Non-inter-level travel time spent in this place.
 C = Inter-level travel time spent in this place.
 D = Time resting spent in this place.
 E = Time spent auto-exploring this place.
 F = Levels seen in this place.
 G = Mean time per level.
                   A        B        C        D        E       F      G
               +--------+--------+--------+--------+--------+-----+--------+
         Total |   2244 |   2155 |     89 |     33 |   1812 |   3 |  748.0 |
       Dungeon |   2244 |   2155 |     89 |     33 |   1812 |   3 |  748.0 |
               +--------+--------+--------+--------+--------+-----+--------+

Top non-repeatable levels by time:
     D:2: 1040 daAuts
     D:1: 892 daAuts
     D:3: 311 daAuts
